 Dungeon Crawl Stone Soup version 0.30-a0-170-g85af917532 (webtiles) character file.

Game seed: 191330648180123381

107 qw the Chopper (level 4, -2/28 HPs)
             Began as a Gargoyle Fighter on Sept 30, 2022.
             Slain by Sigmund
             ... wielding a +2 scythe of flaming
              (6 damage)
             ... on level 3 of the Dungeon.
             The game lasted 00:00:56 (2176 turns).

qw the Chopper (Gargoyle Fighter)                   Turns: 2176, Time: 00:00:57

Health: -2/28      AC: 25    Str: 22    XL:     4   Next: 86%
Magic:  4/4        EV:  6    Int:  8    God:
Gold:   143        SH:  4    Dex:  9    Spells: 3/3 levels left

rFire   . . .      SeeInvis .    Y - +1 war axe (protect)
rCold   . . .      Faith    .    c - +0 buckler
rNeg    + . .      Spirit   .    h - +0 plate armour
rPois   inf        Reflect  .    (no helmet)
rElec   +          Harm     .    l - +0 cloak
rCorr   .          Rampage  .    i - +0 pair of gloves
Will    .....                    f - +0 pair of boots
Stlth   ..........               (no amulet)
HPRegen 0.09/turn                (no ring)
MPRegen 0.09/turn                (no ring)

@: under a protective aura
A: sickness immunity, AC +3, negative energy resistance 1, electricity
resistance, torment resistance 1, petrification resistance
a: no special abilities


You were on level 3 of the Dungeon.
You visited 1 branch of the dungeon, and saw 3 of its levels.

You collected 143 gold pieces.


Innate Abilities, Weirdness & Mutations

You are immune to sickness and miasma.
Your stone body is resilient. (AC +3)
You are immune to poison.
You resist negative energy. (rN+)
You are resistant to electric shocks. (rElec)
You are resistant to unholy torment.
You are immune to petrification.


   Skills:
 - Level 3.2 Fighting
 + Level 4.4 Axes
 - Level 3.2 Armour
 - Level 3.2 Shields


You had 3 spell levels left.
You didn't know any spells.
Your spell library was empty.

Inventory:

Hand Weapons
 g - a +0 whip
 Y - a +1 war axe of protection (weapon)
Missiles
 b - 2 boomerangs (quivered)
Armour
 c - a +0 buckler (worn)
 f - a +0 pair of boots (worn)
 h - a +0 plate armour (worn)
 i - a +0 pair of gloves (worn)
 l - a +0 cloak (worn)
Scrolls
 e - a scroll of immolation {unknown}
 k - a scroll of identify
Potions
 a - a potion of cancellation {unknown}
 d - a potion of might
 j - a potion of curing {unknown}

Dungeon Overview and Level Annotations

Branches:
Dungeon (3/15)

Altars:

Annotations:
D:3 Sigmund


Message History

You kill the hobgoblin!
You hit the hobgoblin but do no damage. The orc closely misses you.
The hobgoblin hits you but does no damage.
You block the hobgoblin's attack.
The ball python bites you but does no damage.
The ball python grabs you. The ball python constricts you.
The orc hits you but does no damage. Something hits you but does no damage.
You slash the ball python!
You kill the ball python!
You closely miss the hobgoblin. The hobgoblin barely misses you.
The orc hits you but does no damage. Something hits you but does no damage.
You slash the hobgoblin!
You kill the hobgoblin!
The orc completely misses you. Something hits you but does no damage.
The orc hits you but does no damage.
You see here a hobgoblin corpse.
You hit the orc.
The orc is almost dead.
You closely miss something. You block the orc's attack. Something hits you.
Something burns you. The orc hits you but does no damage.
You barely miss the orc.
The orc is almost dead.
You miss something. The orc hits you with a +0 trident.
Something hits you but does no damage.
You hit the orc.
You kill the orc!
You hit something. Something hits you. Something burns you.
You hit something but do no damage. Something hits you but does no damage.
You slash something!
You hear some strange, mumbled words.
A magic dart appears from out of thin air!
The magic dart hits you but does no damage.
You barely miss something. Something hits you.
You die...

.....#......... ... .....
..S.....).......##.#.# #..#
#....................[###<)
#..).....................)
#..........?.....###.....)
#....>....................
##.....).=........###......
.........>........###......
#.......{@........##......
##......).......#.###..###
##......#......#.###.#
##.###.#.##..%#.....# ...
#.#.#...%%....## .#.#
#.#......###.## . #.
#....#........## ##
##.......####...#
#........######.####


There were no monsters in sight!

Vanquished Creatures
  3 adders
  2 worms
  2 dart slugs
  8 orcs (D:3)
  A ball python (D:3)
  4 endoplasms (D:2)
  4 giant cockroaches
  4 goblins (D:1)
  4 hobgoblins (D:3)
  6 quokkas
  5 bats
  4 frilled lizards
  6 kobolds
  5 rats
58 creatures vanquished.

Notes
Turn   | Place    | Note
-------+----------+-------------------------------------------
     0 | D:1      | qw the Gargoyle Fighter began the quest for the Orb.
     0 | D:1      | Reached XP level 1. HP: 14/14 MP: 1/1
     0 | D:1      | 0 ||| qw: Version: 0.2-a-12-gaebbb33
     0 | D:1      | 0 ||| qw: Game counter: 1625
     0 | D:1      | 0 ||| qw: Always use a shield: true
     0 | D:1      | 0 ||| qw: God list: Okawaru
     0 | D:1      | 0 ||| qw: Allow faded altars: false
     0 | D:1      | 0 ||| qw: Do Orc after D:15 true
     0 | D:1      | 0 ||| qw: Do second Lair branch before Depths: true
     0 | D:1      | 0 ||| qw: Lair rune preference: random
     0 | D:1      | 0 ||| qw: Plans: Normal, Zot:1-4, God:TSO, Crypt, Tomb,
                  | Pan, Slime:5, Hells, Abyss, Orb
     0 | D:1      | 0 ||| PLANNING D:1-11
    36 | D:1      | Reached skill level 2 in Axes
    52 | D:1      | Found a faded altar of an unknown god.
   340 | D:1      | Reached XP level 2. HP: 19/19 MP: 2/2
   895 | D:1      | 895 ||| UPGRADING to +0 pair of boots.
   900 | D:1      | 900 ||| UPGRADING to +0 pair of gloves.
   905 | D:1      | 905 ||| UPGRADING to +0 cloak.
   910 | D:1      | 910 ||| DROPPING ring of flight.
   911 | D:1      | 911 ||| READING scroll labelled ZEZOEZ FILIPHIMPI.
   912 | D:1      | 912 ||| READING scroll labelled GEPRORE XEOPEN.
   913 | D:1      | 913 ||| READING scroll labelled RANIYTW WAAH.
   914 | D:1      | 914 ||| READING scroll labelled ZOEQAI PIPAPNO.
   956 | D:2      | 956 ||| Stepping ~*~*~tactically~*~*~ (stealth).
   957 | D:2      | 957 ||| Stepping ~*~*~tactically~*~*~ (stealth).
   970 | D:2      | 970 ||| FLEEEEING.
   971 | D:2      | 971 ||| STAIRDANCE
  1018 | D:2      | Reached skill level 3 in Axes
  1171 | D:2      | Reached XP level 3. HP: 23/23 MP: 3/3
  1791 | D:2      | 1791 ||| UPGRADING to +0 plate armour.
  1801 | D:2      | 1801 ||| DROPPING +0 scale mail.
  1802 | D:2      | 1802 ||| DROPPING +6 ring of intelligence.
  1803 | D:2      | 1803 ||| READING scroll labelled YLIB TE LODAIVA.
  1804 | D:2      | 1804 ||| READING scroll labelled MAWIOH XEFEHOA.
  1805 | D:2      | 1805 ||| READING scroll labelled TEAZEM WUQUSH.
  1806 | D:2      | 1806 ||| READING 2 scrolls labelled KYIPNAUW EKYRO.
  1856 | D:2      | 1856 ||| READING scroll labelled DYBEALIDEM.
  1857 | D:2      | 1857 ||| READING scroll labelled AXUN UCIAWKA.
  1860 | D:2      | 1860 ||| DRINKING 2 lumpy silvery potions.
  1861 | D:2      | 1861 ||| DROPPING scroll of torment.
  1862 | D:2      | 1862 ||| DROPPING potion of flight.
  1885 | D:3      | Reached XP level 4. HP: 26/28 MP: 4/4
  1894 | D:3      | Reached skill level 4 in Axes
  1970 | D:3      | 1970 ||| DROPPING +0 club.
  1987 | D:3      | 1987 ||| Stepping ~*~*~tactically~*~*~ (stealth).
  2107 | D:3      | 2107 ||| Stepping ~*~*~tactically~*~*~ (stealth).
  2151 | D:3      | Noticed Sigmund
  2172 | D:3      | HP: 6/28 [orc/+0 trident (4)]
  2176 | D:3      | Slain by Sigmund

Levels and vault maps discovered:
D:1:      dpeg_arrival_arbitrary_b, layout_loops_corners,
          chequers_ecumenical_altar_simple
D:2:      layout_loops_ring
D:3:      layout_rooms, trog_wizard, minmay_close_crescents, uniq_sigmund

Skill      XL: |  1  2  3  4 |
---------------+-------------+-----
Axes           | 2 3 4 |  4.4
Fighting       | |  3.2
Armour         | |  3.2
Shields        | |  3.2

Action                   |  1- 3 |  4- 6 || total
-------------------------+-------+-------++-------
Melee: War axe           |    94 |    91 ||   185
Throw: Boomerang         |       |    10 ||    10
  Use: Scroll            |    10 |       ||    10
       Potion            |     1 |       ||     1
Armor: Scale mail        |    44 |       ||    44
       Plate armour      |     4 |    97 ||   101
Dodge: Dodged            |    41 |    35 ||    76
Block: Buckler           |    24 |    21 ||    45

Table legend:
 A = Non-vault XP
 B = Vault XP
 C = Vault XP percentage of total XP
 D = Non-vault monster count
 E = Vault monster count
 F = Vault count percentage of total count
                 A         B        C        D         E       F
            +---------+---------+-------+---------+---------+-------
      Total |     154 |       0 |   0.0 |      58 |       0 |   0.0
            +---------+---------+-------+---------+---------+-------
        D:1 |      20 |       0 |   0.0 |      11 |       0 |   0.0
        D:2 |      56 |       0 |   0.0 |      24 |       0 |   0.0
        D:3 |      78 |       0 |   0.0 |      23 |       0 |   0.0
            +---------+---------+-------+---------+---------+-------
